 Dungeon Crawl Stone Soup version 0.29.1-15-g9cfb28693d (webtiles) character file.

Game seed: 7922386308856980665

4 hawla the Firebug (level 2, -5/20 HPs)
             Began as a Meteoran Fire Elementalist on Feb 21, 2023.
             Killed by nerve-wracking pain
             ... invoked by an orc priest
              (6 damage)
             ... on level 4 of the Dungeon.
             The game lasted 00:00:36 (55 turns).

hawla the Firebug (Meteoran Fire Elementalist)        Turns: 55, Time: 00:00:37

Health: -5/20      AC:  2    Str:  9    XL:     2   Next: 0%
Magic:  6/6        EV: 12    Int: 16    God:
Gold:   12         SH:  0    Dex: 14    Spells: 5/6 levels left

rFire   . . .      SeeInvis .   (no weapon)
rCold   . . .      Faith    .   (no shield)
rNeg    . . .      Spirit   .   a - +0 robe
rPois   .          Reflect  .   (no helmet)
rElec   .          Harm     .   (no cloak)
rCorr   .          Rampage  .   (no gloves)
Will    .....                   (no boots)
Stlth   +.........              (no amulet)
HPRegen 0.06/turn               (no ring)
MPRegen 0.10/turn               (no ring)

@: glowing
A: sense surroundings 1, otherworldly, glowing, explore regen
a: no special abilities


You were on level 4 of the Dungeon.
You visited 1 branch of the dungeon, and saw 4 of its levels.

You collected 12 gold pieces.

Inventory:

Armour
 a - a +0 robe (worn)


   Skills:
 + Level 2.6 Dodging
 - Level 1.4 Stealth
 + Level 2.7 Spellcasting
 + Level 1.2 Conjurations
 + Level 3.8 Fire Magic


You had 5 spell levels left.
You knew the following spells:

 Your Spells              Type           Power      Damage    Failure   Level
a - Foxfire               Conj/Fire      40%        2x1d6     7%          1

Your spell library contained the following spells:

 Spells                   Type           Power      Damage    Failure   Level
 Scorch                   Fire           28%        2d6       6%          2
 Conjure Flame            Conj/Fire      10%        6-21      21%         3
 Inner Flame              Hex/Fire       8%         N/A       26%         3
 Flame Wave               Conj/Fire      10%        2d6       56%         4


Dungeon Overview and Level Annotations

Branches:
Dungeon (4/15) Zot: 2344
 Temple: D:4-7

Altars:


Innate Abilities, Weirdness & Mutations

You passively map a small area around you.
You are easily found by Zot.
You glow in the dark.
You regain HP and MP as you explore.


Message History

You are frozen.
You hit the endoplasm but do no damage.
The foxfire hits the endoplasm.
The endoplasm is moderately wounded.
The foxfire hits the endoplasm.
You kill the endoplasm!
You have reached level 2!
Casting: Foxfire (safe; 7% risk of failure)
Confirm with . or Enter, or press ? or * to list all spells.
You conjure some foxfire!
The foxfire hits the orc but does no damage.
The orc priest begins to cast a cantrip, but forgets the words!
You hit the orc but do no damage.
The foxfire hits the orc but does no damage.
Casting: Foxfire (safe; 7% risk of failure)
Confirm with . or Enter, or press ? or * to list all spells.
You conjure some foxfire!
The orc hits you with a +0 falchion.
An orc priest comes into view. It is wielding a +0 club.
You closely miss the orc.
The foxfire hits the orc but does no damage.
The foxfire hits the orc.
The orc is heavily wounded.
The orc priest calls upon Beogh to heal the orc.
The orc's wounds heal themselves!
Casting: Foxfire (safe; 7% risk of failure)
Confirm with . or Enter, or press ? or * to list all spells.
You conjure some foxfire!
The orc hits you with a +0 falchion.
* * * LOW HITPOINT WARNING * * *
You hit the orc priest.
The orc priest is lightly wounded.
The foxfire hits the orc.
The orc is heavily wounded.
The foxfire hits the orc priest.
The orc priest is moderately wounded.
The orc hits you with a +0 falchion.
* * * LOW HITPOINT WARNING * * *
The orc priest barely misses you. Magic courses through your body.
The orc priest mumbles some strange prayers to Beogh against you.
Pain shoots through your body!
You die...

, , , * *** , , *
, * # ##* *.# ..
..( #########*o#
...# * #.......#
.#....# *
#<#####o##.......
#.# #..@oo.......
, #.#
#.#.##....... ,
#.# #.#.# .#.....
* #.# # #.#*.#
.... * #.. ..# ..
... ### ,... ##
.# ** .### # #


You could see 2 orc priests and an orc.

Vanquished Creatures
  A worm (D:3)
  An endoplasm (D:4)
2 creatures vanquished.

Vanquished Creatures (others)
  15 foxfires
15 creatures vanquished.

Grand Total: 17 creatures vanquished

Notes
Turn   | Place    | Note
-------+----------+-------------------------------------------
     0 | D:1      | hawla the Meteoran Fire Elementalist began the quest for
                  | the Orb.
     0 | D:1      | Reached XP level 1. HP: 14/14 MP: 5/5
    43 | D:4      | Noticed an orc priest
    49 | D:4      | Reached XP level 2. HP: 12/20 MP: 4/6
    54 | D:4      | HP: 1/20 [orc/+0 falchion (5)]
    55 | D:4      | Killed from afar by an orc priest

Illustrated notes

Levels and vault maps discovered:
D:1:      dpeg_arrival_refuge, layout_basic, serial_bayou_pond_e,
          minmay_misc_feat_hallway
D:2:      cheibrodos_old_hovel, layout_loops_corners,
          nicolae_ecumenical_snake_handling, chequers_serial_rivers_micro_b,
          fountainhead, chequers_serial_rivers_room_a
D:3:      layout_basic, general_overflow_altar, serial_bayou_crossing
D:4:      layout_loops_corners, nicolae_elyvilon_peaceful_grove,
          mainiacjoe_overflow_tiny_flanked, lemuel_crystal_altar,
          mainiacjoe_overflow_catwalk, mainiacjoe_overflow_chevrons,
          gup_ossuary_entry_pyramid, uniq_natasha

Action                   || total
-------------------------++-------
Melee: Unarmed           ||     5
 Cast: Foxfire           ||     8
  Use: Scroll            ||     1
       Potion            ||     1
Dodge: Dodged            ||     1
